Map: Ephemeron LE

Players

Logz

  • Race: Protoss Protoss
  • Spawn Location: 11:00

ViBE - Winner!

  • Race: Zerg Zerg
  • League: Bronze
  • Spawn Location: 5:00

VOD

https://www.youtube.com/watch?v=kuS_PgtyAP8&list=PLFeZeom2b4DmHduNHeFj-6PfoasuSQn3P&index=2

Description

Time

  • Played on: Dec. 5, 2019, 5:02 p.m.
  • Length: 13:48
Show
View Real Time Build Order
Export as new Build Order

Logz Protoss 

Build Orders:  

Get SALT Encoding   

  12  0:02  Probe  
  14  0:14  Probe (Chrono Boost)  
  14  0:21  Pylon  
  14  0:32  Probe  
  15  0:42  Gateway  
  15  0:51  Probe  
  16  1:04  Probe  
  17  1:14  Pylon  
  17  1:21  Gateway  
  17  1:24  Probe  
  18  1:32  Zealot  
  20  1:41  Probe  
  20  1:46  Assimilator  
  21  1:56  Pylon  
  21  1:58  Zealot (Chrono Boost)  
  23  2:02  Pylon  
  23  2:30  Probe (Chrono Boost)  
  23  2:35  Nexus, Zealot x2  
  28  2:40  Probe (Chrono Boost)  
  29  2:45  Probe (Chrono Boost)  
  29  2:49  Assimilator  
  30  2:57  Cybernetics Core  
  30  3:04  Forge  
  30  3:26  Zealot  
  30  3:27  Zealot  
  34  3:38  Probe  
  35  3:50  Probe  
  35  3:54  Zealot  
  38  3:59  Probe  
  39  4:03  Probe  
  40  4:11  Probe  
  40  4:14  Robotics Facility  
  40  4:15  Probe (Chrono Boost)  
  42  4:20  Assimilator  
  42  4:23  Probe (Chrono Boost)  
  43  4:24  Assimilator  
  43  4:28  Probe (Chrono Boost)  
  44  4:33  Warp Gate  
  44  4:34  Probe (Chrono Boost)  
  44  4:36  Probe (Chrono Boost)  
  46  4:39  Probe (Chrono Boost)  
  46  4:41  Probe  
  48  4:49  Pylon, Probe  
  49  4:53  Pylon  
  49  4:55  Probe  
  49  4:57  Pylon  
  49  4:58  Pylon  
  50  5:02  Probe  
  52  5:07  Probe  
  52  5:27  Probe x2 (Chrono Boost)  
  55  5:37  Probe x2 (Chrono Boost)  
  55  5:39  Robotics Bay  
  55  5:41  Probe (Chrono Boost)  
  56  5:44  Robotics Facility x2  
  57  6:02  Nexus  
  57  6:05  Immortal  
  59  6:41  Assimilator  
  59  6:46  Colossus (Chrono Boost), Assimilator  
  51  6:48  Colossus (Chrono Boost)  
  51  6:52  Colossus (Chrono Boost)  
  65  7:12  Probe  
  65  7:13  Probe  
  67  7:20  Pylon  
  67  7:24  Probe  
  67  7:25  Probe  
  67  7:26  Probe  
  70  7:30  Shield Battery  
  70  7:34  Colossus x2 (Chrono Boost)  
  70  7:36  Probe  
  84  7:37  Probe  
  84  7:39  Probe  
  91  7:45  Colossus (Chrono Boost)  
  91  7:48  Sentry x2  
  91  7:49  Probe x2  
  91  7:51  Probe  
  98  7:59  Gateway  
  98  8:01  Probe, Gateway  
  98  8:02  Gateway  
  98  8:04  Gateway  
  99  8:15  Probe x2  
  99  8:16  Probe  
  102  8:24  Extended Thermal Lance  
  102  8:25  Colossus (Chrono Boost)  
  108  8:27  Probe  
  108  8:28  Probe x2  
  111  8:39  Probe  
  112  8:41  Sentry x2  
  116  9:08  Pylon  
  116  9:11  Pylon  
  116  9:14  Pylon  
  116  9:15  Pylon  
  116  9:18  Pylon  
  116  9:30  Immortal x2  
  124  9:37  Stalker x3  
  124  9:38  Stalker x3  
  134  10:02  Pylon  
  76  10:23  Zealot x2  
  76  10:24  Zealot x4  
  76  10:27  Colossus x3 (Chrono Boost)  
  79  11:08  Shield Battery  
  79  11:10  Shield Battery  
  79  11:12  Shield Battery  
  79  11:13  Colossus (Chrono Boost)  
  79  11:14  Colossus x2 (Chrono Boost), Shield Battery  
  79  11:15  Sentry x4, Shield Battery  
  79  11:16  Sentry x2  
  77  11:42  Zealot  
  75  12:06  Colossus (Chrono Boost)  
  72  12:26  Colossus (Chrono Boost)  
  72  12:36  Colossus (Chrono Boost)  
  84  12:40  Zealot x5  
  84  12:41  Zealot  
  96  12:50  Colossus  
  72  13:20  Nexus  
Show
View Real Time Build Order
Export as new Build Order

ViBE Zerg - Winner!

Build Orders: Hatch First, Roach Hydra 

Get SALT Encoding   

  12  0:00  Drone  
  13  0:13  Overlord  
  13  0:20  Drone  
  14  0:33  Drone x2  
  16  0:37  Drone  
  17  0:54  Hatchery  
  16  0:59  Drone  
  16  1:00  Drone  
  18  1:14  Spawning Pool  
  18  1:16  Drone  
  18  1:20  Drone  
  19  1:29  Drone  
  20  1:38  Extractor  
  19  1:41  Drone  
  20  2:01  Queen  
  20  2:06  Queen  
  20  2:08  Drone x3  
  27  2:14  Overlord  
  27  2:25  Drone  
  27  2:27  Overlord  
  28  2:33  Drone  
  29  2:41  Lair  
  29  2:42  Queen  
  32  2:44  Drone x2  
  32  2:47  Drone  
  34  2:53  Overlord  
  34  3:01  Drone  
  34  3:02  Drone  
  36  3:07  Drone  
  37  3:17  Zergling x2  
  37  3:18  Zergling x12  
  42  3:26  Spine Crawler  
  41  3:39  Drone x4  
  45  3:49  Drone x2  
  45  3:50  Queen  
  45  3:53  Overlord x2  
  49  3:56  Drone x3  
  49  4:00  Roach Warren  
  51  4:04  Extractor  
  51  4:05  Extractor  
  49  4:12  Overlord  
  49  4:17  Drone x4  
  53  4:34  Overlord  
  53  4:35  Overlord  
  53  4:39  Roach x2  
  53  4:40  Roach x3  
  63  4:48  Drone  
  64  4:55  Roach x6  
  64  4:58  Hatchery  
  75  5:09  Overlord x2  
  75  5:20  Drone  
  75  5:21  Drone x3  
  79  5:37  Drone x6, Hatchery  
  79  5:41  Overlord  
  84  5:50  Drone x2  
  86  6:08  Drone x2  
  86  6:09  Drone x3  
  91  6:20  Hatchery  
  90  6:28  Drone  
  91  6:38  Drone x6  
  95  6:45  Drone x4  
  97  6:47  Queen  
  97  6:51  Drone x3  
  101  6:55  Queen  
  101  6:58  Overlord x4  
  103  7:04  Hatchery  
  103  7:07  Extractor  
  101  7:09  Extractor x2  
  101  7:10  Drone, Hydralisk Den  
  101  7:11  Drone x5  
  104  7:22  Glial Reconstitution  
  104  7:38  Drone x2  
  104  7:39  Drone x6  
  104  7:40  Drone x2  
  104  7:42  Drone  
  104  7:44  Drone  
  116  7:45  Hydralisk x2  
  116  7:49  Grooved Spines  
  120  7:54  Evolution Chamber  
  120  7:55  Drone x2, Evolution Chamber  
  120  8:10  Hydralisk x6  
  132  8:19  Hatchery  
  131  8:24  Hatchery, Zerg Missile Weapons Level 1  
  131  8:25  Zerg Ground Armor Level 1  
  131  8:27  Hydralisk x11  
  152  8:37  Extractor x2  
  150  8:42  Overlord  
  150  8:43  Overlord x2  
  150  8:44  Overlord x3  
  150  8:45  Hydralisk  
  150  8:46  Hydralisk x4  
  160  8:49  Hydralisk x3  
  166  9:00  Muscular Augments  
  166  9:49  Hydralisk  
  166  9:50  Hydralisk x16  
  196  10:06  Hydralisk x2  
  196  10:07  Hydralisk x10  
  179  10:08  Hydralisk x2  
  179  10:09  Hydralisk  
  156  10:22  Hydralisk x6  
  156  10:27  Hydralisk  
  156  10:28  Hydralisk x3  
  176  10:38  Hydralisk x6  
  176  10:42  Hydralisk x2  
  190  10:44  Hydralisk x4  
  196  11:24  Zerg Ground Armor Level 2, Zerg Missile Weapons Level 2  
  182  11:28  Infestation Pit  
  133  11:40  Hydralisk x9  
  133  11:41  Hydralisk x9  
  169  11:49  Drone x4  
  169  11:50  Drone x3  
  169  11:54  Extractor  
  175  11:56  Extractor, Hydralisk x6  
  175  11:57  Hydralisk  
  175  11:59  Hydralisk  
  190  12:01  Hydralisk  
  190  12:07  Hydralisk x2  
  196  12:10  Hydralisk  
  196  12:11  Hydralisk  
  190  12:18  Hive  
  176  13:01  Hydralisk x13  
  198  13:44  Hatchery  
Tags
 
Add a new tag
Caveats
  • Supply blocks, unpowered buildings, or Contaminate may cause inaccurate times.
  • Supply counts are checked every 10 seconds.